 Dungeon Crawl Stone Soup version 0.19-a0-475-gfca3800 (webtiles) character file.

190754 Duffy the Devastator (level 17, -2/104 HPs)
             Began as a Deep Elf Conjurer on June 4, 2016.
             Was the Champion of Sif Muna.
             Slain by a black mamba (6 damage)
             ... on level 2 of the Snake Pit.
             The game lasted 01:44:37 (46789 turns).

Duffy the Devastator (Deep Elf Conjurer)           Turns: 46789, Time: 01:44:38

Health: -2/104     AC: 15    Str:  5    XL:     17   Next: 99%
Magic:  40/40      EV: 20    Int: 28    God:    Sif Muna [******]
Gold:   1413       SH:  0    Dex: 15    Spells: 8 memorised, 13 levels left

rFire  . . .     SeeInvis .     T - staff of earth
rCold  . . .     Gourm    .     b - +2 robe {Archmagi}
rNeg   . . .     Faith    +     (no shield)
rPois  .         Spirit   .     L - +2 hat of the High Council {Archmagi, Wiz- Stlth-}
rElec  .         Dismiss  .     F - +2 cloak
rCorr  .         Reflect  .     w - +0 pair of gloves
SustAt .         Harm     .     n - +2 pair of boots
MR     ++...                    G - amulet of faith
Stlth  +.........               q - +2 ring of protection
                                W - ring of protection from magic

@: lethally poisoned (-2 -> -16), deflect missiles, very resistant to hostile
enchantments, very unstealthy
A: no striking features
a: Channel Energy, Forget Spell, Renounce Religion


You were on level 2 of the Snake Pit.
You worshipped Sif Muna.
Sif Muna was exalted by your worship.
You were full.

You visited 5 branches of the dungeon, and saw 31 of its levels.
You also visited: Labyrinth and Sewer.

You collected 3692 gold pieces.
You spent 2279 gold pieces at shops.


   Skills:
 - Level 11.0 Fighting
 - Level 11.0 Dodging
 - Level 2.4 Stealth
 - Level 17.0 Spellcasting
 - Level 17.2 Conjurations
 - Level 11.5 Charms
 - Level 5.0 Necromancy
 - Level 16.0 Fire Magic
 - Level 3.8 Air Magic
 + Level 10.4 Earth Magic
 - Level 9.0 Invocations


You had 13 spell levels left.
You knew the following spells:

 Your Spells              Type           Power        Failure   Level  Hunger
a - Magic Dart            Conj           ####         1%          1    None
c - Iskenderun's Mystic   Conj           ########     1%          4    None
h - Iron Shot             Conj/Erth      ########..   3%          6    ###....
i - Iskenderun's Battles  Conj/Chrm      ########     1%          5    None
l - Bolt of Fire          Conj/Fire      ########..   2%          6    ###....
m - Deflect Missiles      Chrm/Air       ########..   30%         6    ###....
y - Regeneration          Chrm/Necr      ########..   1%          3    None
H - Haste                 Chrm           ########     7%          6    ###....

Inventory:

Missiles
 s - 5 throwing nets (quivered)
Armour
 b - a +2 robe of the Archmagi (worn)
 n - a +2 pair of boots (worn)
 w - a +0 pair of gloves (worn)
 F - a +2 cloak (worn)
 L - the +2 hat of the High Council (worn) {Archmagi, Wiz- Stlth-}

   It makes you less stealthy.
Magical Staves
 p - an uncursed staff of summoning
 C - an uncursed staff of poison
 T - an uncursed staff of earth (weapon)
Jewellery
 q - a +2 ring of protection (right hand)
 G - an amulet of faith (around neck)
 Q - an uncursed ring of protection from cold
 W - a ring of protection from magic (left hand)
Wands
 g - a wand of digging (7/24)
 A - a wand of disintegration (20/24)
 H - a wand of iceblast (8/15)
Scrolls
 a - a scroll of identify
 k - 6 scrolls of fog
 m - 6 scrolls of remove curse
 o - 8 scrolls of recharging
 u - 3 scrolls of magic mapping
 x - 3 scrolls of teleportation
 z - 7 scrolls of blinking
 N - 2 scrolls of enchant armour
 O - 4 scrolls of fear
 S - a scroll of vulnerability
Potions
 d - 10 potions of brilliance
 h - 4 potions of heal wounds
 i - 5 potions of cancellation
 l - 7 potions of haste
 r - 3 potions of flight
 t - 6 potions of agility
 v - 15 potions of curing
 B - 3 potions of magic
 D - 4 potions of ambrosia
 J - a potion of resistance
Miscellaneous
 e - a box of beasts
 j - a phial of floods
Comestibles
 c - 8 bread rations
 f - 22 meat rations
 X - 25 fruits

Dungeon Overview and Level Annotations

Branches:
Dungeon (15/15)            Temple (0/1) D:7            Lair (8/8) D:8
  Swamp (4/4) Lair:5        Snake (2/4) Lair:5        Slime (0/6) Lair:6
    Orc (2/2) D:9             Elf (0/3) Orc:2        Vaults (0/5) D:14
 Depths (0/5) D:15

Altars:
Ashenzari
Fedhas
Gozag
Makhleb
Nemelex Xobeh
Pakellas
Qazlal
Ru
Sif Muna
Yredelemnul
Zin
The Shining One

Shops:
D:4 !   D:7 }   D:11 %   D:13 :   D:15 (   Orc:1 [   Orc:2 :*[(


Message History

The salamander misses you. The black mamba bites you.
The black mamba bites you but does no damage.
The black mamba bites you.
You are poisoned.
The black mamba poisons you! The salamander completely misses you.
The black mamba bites you but does no damage.
You feel sick. The black mamba barely misses you. x2
The black mamba closely misses you.
You feel sick.
The black mamba bites you but does no damage.
The black mamba bites you. The salamander misses you.
The black mamba closely misses you. The black mamba misses you.
You feel sick.
The black mamba bites you but does no damage. x2
The salamander hits you from afar with a halberd.
You are engulfed in flames!
The black mamba barely misses you.
You feel sick. The black mamba barely misses you. The black mamba bites you.
The black mamba bites you but does no damage.
The salamander hits you from afar with a halberd.
You are engulfed in flames!
The black mamba completely misses you.
You feel sick. The black mamba barely misses you.
The black mamba closely misses you. The black mamba misses you.
The salamander completely misses you. The black mamba bites you.
You feel sick. The black mamba bites you! The black mamba barely misses you.
The black mamba bites you but does no damage.
The salamander misses you.
You feel sick.
The black mamba bites you but does no damage. x3
The black mamba completely misses you.
You feel sick. The black mamba completely misses you.
The salamander barely misses you. The black mamba closely misses you.
The black mamba barely misses you.
You feel sick. The black mamba barely misses you.
The black mamba bites you but does no damage.
The salamander closely misses you.
The black mamba completely misses you. x2
You feel sick. The black mamba barely misses you. The black mamba bites you.
You are more poisoned.
The black mamba poisons you! The salamander misses you.
The black mamba bites you but does no damage.
The black mamba misses you.
You feel sick. The black mamba bites you. The black mamba barely misses you.
The salamander completely misses you.
The black mamba bites you but does no damage.
You feel sick. The black mamba completely misses you.
The black mamba bites you but does no damage.
The black mamba completely misses you.
The salamander hits you from afar with a halberd.
You are engulfed in flames!
The black mamba completely misses you.
You feel sick. The black mamba bites you.
You die...

....... .......
......# ...
....... .....
....... ....
#####N...... ...
##..@S.......
#.####....S#..##.
#.......#### #
####.....###
#........#
#......### ###
#......#
..####.....#
...........####


You could see a salamander and 2 black mambas.

Action                   |  1- 3 |  4- 6 |  7- 9 | 10-12 | 13-15 | 16-18 || total
-------------------------+-------+-------+-------+-------+-------+-------++-------
Melee: Unarmed           |       |       |     1 |       |       |       ||     1
       Staff             |       |       |       |       |     5 |    26 ||    31
 Cast: Magic Dart        |    52 |   101 |   261 |   338 |   114 |    41 ||   907
       Searing Ray       |     2 |    12 |    11 |     4 |       |       ||    29
       Iskenderun's Batt |       |     2 |    44 |   113 |    90 |    27 ||   276
       Iskenderun's Myst |       |       |    14 |   169 |   265 |    86 ||   534
       Bolt of Magma     |       |       |       |     1 |    74 |       ||    75
       Deflect Missiles  |       |       |       |       |     1 |     1 ||     2
       Iron Shot         |       |       |       |       |    66 |   259 ||   325
       Regeneration      |       |       |       |       |     7 |     7 ||    14
       Bolt of Fire      |       |       |       |       |       |   125 ||   125
       Haste             |       |       |       |       |       |     4 ||     4
Invok: Channel Energy    |       |       |    36 |   172 |   425 |   313 ||   946
  Use: Scroll            |     2 |     8 |     8 |     7 |     8 |    13 ||    46
       Potion            |       |       |       |     2 |     1 |       ||     3
  Eat: Chunk             |     1 |     7 |    32 |    55 |    91 |    85 ||   271
       Fruit             |       |       |       |     2 |     2 |     6 ||    10
       Bread ration      |       |       |       |     2 |       |     2 ||     4
       Pizza             |       |       |       |     1 |     1 |     2 ||     4
       Beef jerky        |       |       |       |       |     3 |    11 ||    14
       Royal jelly       |       |       |       |       |     1 |       ||     1
       Meat ration       |       |       |       |       |       |     2 ||     2
Armor: Robe              |     3 |     1 |    11 |    10 |    25 |    64 ||   114
Dodge: Dodged            |     1 |    15 |    39 |    48 |    81 |   202 ||   386
       Deflected         |       |       |       |       |     4 |    19 ||    23

Notes
Turn   | Place    | Note
--------------------------------------------------------------
     0 | D:1      | Duffy the Deep Elf Conjurer began the quest for the Orb.
     0 | D:1      | Reached XP level 1. HP: 10/10 MP: 6/6
   377 | D:1      | Reached XP level 2. HP: 15/15 MP: 5/8
   494 | D:1      | Learned a level 2 spell: Searing Ray
   841 | D:2      | Reached skill level 5 in Conjurations
   841 | D:2      | Reached XP level 3. HP: 19/19 MP: 2/10
   914 | D:2      | Reached skill level 4 in Spellcasting
  1239 | D:2      | Reached XP level 4. HP: 24/24 MP: 5/12
  1598 | D:2      | Learned a level 4 spell: Iskenderun's Mystic Blast
  1599 | D:2      | Reached skill level 5 in Spellcasting
  2059 | D:3      | Reached XP level 5. HP: 28/28 MP: 10/14
  2072 | D:2      | Learned a level 5 spell: Iskenderun's Battlesphere
  2176 | D:3      | Found a sacrificial altar of Ru.
  2204 | D:3      | Noticed Duffy's ghost (weakling DECj)
  2225 | D:3      | Killed Duffy's ghost
  2225 | D:3      | Reached skill level 1 in Charms
  2384 | D:3      | Reached skill level 6 in Conjurations
  2585 | D:3      | Reached skill level 2 in Charms
  2764 | D:3      | Found a deep blue altar of Sif Muna.
  2772 | D:3      | Became a worshipper of Sif Muna the Loreminder
  2787 | D:3      | Reached skill level 6 in Spellcasting
  2787 | D:3      | Reached XP level 6. HP: 27/32 MP: 5/17
  2984 | D:4      | Reached skill level 3 in Charms
  3439 | D:4      | Found Waenuj's Distillery.
  3446 | D:4      | Bought a potion of heal wounds for 50 gold pieces
  3574 | D:4      | Reached skill level 4 in Charms
  3585 | D:4      | Noticed p0werm0de's ghost (amateur VSWn)
  3696 | D:4      | Killed p0werm0de's ghost
  3696 | D:4      | Reached skill level 7 in Spellcasting
  3696 | D:4      | Reached skill level 7 in Conjurations
  3696 | D:4      | Reached XP level 7. HP: 36/36 MP: 8/19
  3883 | D:4      | Reached * piety under Sif Muna
  3977 | D:4      | Reached skill level 5 in Charms
  4817 | D:4      | Bought a potion of magic for 80 gold pieces
  4828 | D:5      | Entered Level 5 of the Dungeon
  4832 | D:5      | Reached skill level 8 in Spellcasting
  4836 | D:5      | Found a glowing silver altar of Zin.
  4899 | D:5      | Reached skill level 1 in Invocations
  4899 | D:5      | Reached XP level 8. HP: 41/41 MP: 5/22
  5092 | D:5      | Reached skill level 8 in Conjurations
  5092 | D:5      | Reached skill level 2 in Invocations
  5122 | D:5      | Found a glowing drain.
  5165 | Sewer    | Entered a sewer
  5188 | Sewer    | Reached ** piety under Sif Muna
  5438 | Sewer    | Reached skill level 9 in Spellcasting
  5838 | D:5      | Found a glowing golden altar of the Shining One.
  5957 | D:5      | Reached skill level 3 in Invocations
  6558 | D:6      | Noticed Eustachio
  6573 | D:6      | Killed Eustachio
  6573 | D:6      | Reached skill level 4 in Invocations
  6667 | D:6      | Found a stormy altar of Qazlal.
  6760 | D:6      | Noticed Menkaure
  6766 | D:6      | Killed Menkaure
  6766 | D:6      | Reached skill level 9 in Conjurations
  6771 | D:6      | Reached XP level 9. HP: 45/45 MP: 11/24
  6961 | D:6      | Reached skill level 10 in Spellcasting
  7275 | D:6      | Reached skill level 5 in Invocations
  7660 | D:7      | Reached *** piety under Sif Muna
  7687 | D:7      | Found a shattered altar of Ashenzari.
  7688 | D:7      | Found a burning altar of Makhleb.
  7718 | D:7      | Found Duchuvai's Gadget Boutique.
  7928 | D:7      | Found a blossoming altar of Fedhas.
  7935 | D:7      | Found a staircase to the Ecumenical Temple.
  8215 | D:7      | Reached skill level 6 in Invocations
  8663 | D:8      | Found an oddly glowing altar of Pakellas.
  8675 | D:8      | Reached skill level 10 in Conjurations
  8833 | D:8      | Reached skill level 7 in Invocations
  9610 | D:8      | Found a staircase to the Lair.
  9613 | D:8      | Reached skill level 8 in Invocations
  9613 | D:8      | Reached XP level 10. HP: 50/50 MP: 16/26
  9615 | D:8      | Noticed a spiny frog
  9618 | D:8      | Reached skill level 11 in Conjurations
  9631 | D:8      | Killed a spiny frog
  9631 | D:8      | Reached **** piety under Sif Muna
 10017 | D:8      | Found a sparkling altar of Nemelex Xobeh.
 10406 | D:9      | Reached skill level 9 in Invocations
 10898 | D:9      | Reached ***** piety under Sif Muna
 11034 | D:9      | Found a staircase to the Orcish Mines.
 11230 | D:9      | Reached skill level 12 in Conjurations
 11552 | D:9      | Reached skill level 11 in Spellcasting
 11594 | D:9      | Paralysed by an orc warrior for 7 turns
 12208 | D:9      | Found an opulent altar of Gozag.
 12829 | D:10     | Entered Level 10 of the Dungeon
 12870 | D:10     | Reached XP level 11. HP: 45/54 MP: 4/28
 13088 | D:10     | Reached ****** piety under Sif Muna
 13314 | D:10     | Reached skill level 12 in Spellcasting
 13539 | D:10     | Received a gift from Sif Muna
 13566 | D:10     | Identified Sif Muna's Papyrus of the Aerial Frostbite (Sif Muna gifted it to you on level 10 of the Dungeon)
 13820 | Lair:1   | Entered Level 1 of the Lair of Beasts
 13934 | Lair:1   | Reached skill level 13 in Conjurations
 14265 | Lair:1   | Reached skill level 13 in Spellcasting
 15116 | Lair:2   | Noticed a four-headed hydra
 15121 | Lair:2   | Killed a four-headed hydra
 15121 | Lair:2   | Received a gift from Sif Muna
 15121 | Lair:2   | Reached skill level 14 in Conjurations
 15122 | Lair:2   | Identified Sif Muna's Compendium of Gliding Stones (Sif Muna gifted it to you on level 2 of the Lair of Beasts)
 15502 | Lair:2   | Reached skill level 14 in Spellcasting
 16830 | Lair:3   | Reached XP level 12. HP: 59/59 MP: 25/32
 17467 | Lair:3   | Found a basalt altar of Yredelemnul.
 17655 | Lair:3   | Reached skill level 15 in Spellcasting
 17853 | Lair:3   | Received a gift from Sif Muna
 17862 | Lair:3   | Identified Sif Muna's Handbook of Confrontation (Sif Muna gifted it to you on level 3 of the Lair of Beasts)
 17873 | Lair:3   | Reached skill level 15 in Conjurations
 18493 | Lair:4   | Noticed an eight-headed hydra
 18498 | Lair:4   | Killed an eight-headed hydra
 19207 | Lair:4   | Reached skill level 16 in Spellcasting
 19396 | Lair:4   | Noticed Snorg
 19452 | Lair:4   | Killed Snorg
 19693 | Lair:5   | Reached skill level 16 in Conjurations
 19849 | Lair:5   | Found a staircase to the Swamp.
 19858 | Lair:5   | Received a gift from Sif Muna
 19862 | Lair:5   | Identified Sif Muna's Tome of Supportive Beguiling (Sif Muna gifted it to you on level 5 of the Lair of Beasts)
 19982 | Lair:5   | Learned a level 5 spell: Bolt of Magma
 20001 | Lair:5   | Found a staircase to the Snake Pit.
 20030 | Lair:5   | Reached skill level 1 in Fire Magic
 20056 | Lair:5   | Reached skill level 1 in Earth Magic
 20295 | Lair:5   | Reached skill level 2 in Fire Magic
 20295 | Lair:5   | Reached skill level 2 in Earth Magic
 20342 | Lair:5   | Noticed a five-headed hydra
 20350 | Lair:5   | Killed a five-headed hydra
 20350 | Lair:5   | Reached XP level 13. HP: 61/63 MP: 5/35
 20652 | Lair:5   | Reached skill level 3 in Earth Magic
 20695 | Lair:5   | Reached skill level 3 in Fire Magic
 20763 | Lair:5   | Reached skill level 4 in Fire Magic
 20771 | Lair:5   | Reached skill level 4 in Earth Magic
 21588 | Lair:3   | Reached skill level 5 in Fire Magic
 21644 | Lair:3   | Reached skill level 5 in Earth Magic
 21921 | Lair:5   | Reached skill level 1 in Fighting
 21987 | Lair:5   | Reached skill level 2 in Fighting
 22029 | Lair:5   | Reached skill level 3 in Fighting
 22321 | Lair:6   | Reached skill level 4 in Fighting
 22506 | Lair:6   | Reached skill level 5 in Fighting
 22765 | Lair:6   | Reached skill level 6 in Fighting
 23092 | Lair:6   | Found a staircase to the Slime Pits.
 23651 | Lair:7   | Received a gift from Sif Muna
 23651 | Lair:7   | Reached skill level 17 in Conjurations
 23651 | Lair:7   | Reached XP level 14. HP: 80/80 MP: 36/36
 23652 | Lair:7   | Identified Sif Muna's Handbook of the Floating Glacier (Sif Muna gifted it to you on level 7 of the Lair of Beasts)
 23677 | Lair:7   | Reached skill level 3 in Dodging
 23711 | Lair:7   | Found a labyrinth entrance.
 23727 | Lab      | Entered a labyrinth
 23975 | Lab      | Reached skill level 4 in Dodging
 24128 | Lair:7   | Reached skill level 5 in Dodging
 24398 | Lair:7   | Learned a level 6 spell: Deflect Missiles
 24545 | Lair:7   | Reached skill level 1 in Air Magic
 25186 | Lair:8   | Entered Level 8 of the Lair of Beasts
 25323 | Lair:7   | Reached skill level 6 in Charms
 25323 | Lair:7   | Reached skill level 2 in Air Magic
 25323 | Lair:7   | Reached XP level 15. HP: 66/85 MP: 26/37
 25574 | Lair:8   | Received a gift from Sif Muna
 25574 | Lair:8   | Reached skill level 7 in Charms
 25574 | Lair:8   | Reached skill level 3 in Air Magic
 25575 | Lair:8   | Identified Esutol's Papyrus of Calling and Earth (Sif Muna gifted it to you on level 8 of the Lair of Beasts)
 25759 | Lair:7   | Learned a level 6 spell: Iron Shot
 25965 | Lair:8   | Reached skill level 6 in Earth Magic
 26154 | Lair:8   | Reached skill level 7 in Earth Magic
 26505 | Lair:8   | Reached skill level 8 in Earth Magic
 27126 | Lair:8   | Learned a level 3 spell: Regeneration
 27242 | Lair:8   | Reached skill level 9 in Earth Magic
 27319 | Lair:8   | Reached skill level 1 in Necromancy
 27328 | Lair:8   | Reached skill level 2 in Necromancy
 27363 | Lair:8   | Reached skill level 3 in Necromancy
 27621 | Lair:8   | Received a gift from Sif Muna
 27626 | Lair:8   | Reached skill level 4 in Necromancy
 27629 | Lair:8   | Identified Sif Muna's Almanac of Earthen Dark Secrets (Sif Muna gifted it to you on level 8 of the Lair of Beasts)
 27733 | Lair:8   | Reached skill level 5 in Necromancy
 27775 | Lair:8   | Reached skill level 7 in Fighting
 27930 | Lair:8   | Reached skill level 8 in Fighting
 28782 | Lair:8   | Upgraded the game from 0.19-a0-465-g1d1674b to 0.19-a0-475-gfca3800
 28791 | Lair:8   | Reached skill level 10 in Earth Magic
 28967 | Lair:8   | Reached skill level 6 in Dodging
 29439 | Orc:1    | Entered Level 1 of the Orcish Mines
 29456 | Orc:1    | Found Odghou's Antique Armour Shop.
 29779 | Orc:2    | Entered Level 2 of the Orcish Mines
 30022 | Orc:2    | Found a staircase to the Elven Halls.
 30041 | Orc:1    | Reached skill level 7 in Dodging
 30735 | Orc:1    | Reached XP level 16. HP: 94/94 MP: 14/38
 30938 | Orc:2    | Reached skill level 8 in Dodging
 31578 | Orc:2    | Reached skill level 6 in Fire Magic
 31705 | Orc:2    | Found Gacromaesk's Antique Armour Boutique.
 31706 | Orc:2    | Found Urphoiv's Antique Weapon Shop.
 31709 | Orc:2    | Found Fogu Vas's General Store.
 31709 | Orc:2    | Found Inig's Book Boutique.
 32314 | Orc:2    | Bought a manual of Fire Magic for 1545 gold pieces
 32315 | Orc:2    | Bought a scroll of identify for 24 gold pieces
 32315 | Orc:2    | Bought a scroll of enchant armour for 90 gold pieces
 32469 | D:4      | Bought a potion of curing for 30 gold pieces
 32469 | D:4      | Bought a potion of haste for 100 gold pieces
 32469 | D:4      | Bought a potion of curing for 30 gold pieces
 32469 | D:4      | Bought a potion of haste for 100 gold pieces
 32469 | D:4      | Bought a potion of magic for 80 gold pieces
 32469 | D:4      | Bought a potion of brilliance for 40 gold pieces
 32469 | D:4      | Bought a potion of cancellation for 80 gold pieces
 32469 | D:4      | Bought a potion of curing for 30 gold pieces
 32504 | D:7      | Reached skill level 7 in Fire Magic
 32576 | D:11     | Found Muepur's Food Boutique.
 32932 | D:11     | Reached skill level 8 in Fire Magic
 33753 | D:12     | Received a gift from Sif Muna
 33758 | D:12     | Identified Atuyg's Compendium of Clay (Sif Muna gifted it to you on level 12 of the Dungeon)
 33942 | D:12     | Reached skill level 9 in Fire Magic
 34909 | D:13     | Reached skill level 10 in Fire Magic
 34981 | D:13     | Found Odwah's Book Shop.
 35501 | D:13     | Noticed Frances
 35582 | D:13     | Killed Frances
 35655 | D:13     | Noticed Azrael
 35656 | D:13     | Reached skill level 11 in Fire Magic
 35675 | D:13     | Killed Azrael
 35865 | D:13     | Noticed Kirke
 35957 | D:13     | Killed Kirke
 35957 | D:13     | Received a gift from Sif Muna
 35957 | D:13     | Reached skill level 12 in Fire Magic
 35959 | D:13     | Identified Sif Muna's Further Progress in Thaumaturgy (Sif Muna gifted it to you on level 13 of the Dungeon)
 35968 | D:13     | Learned a level 6 spell: Bolt of Fire
 36448 | D:13     | Noticed Josephine
 36449 | D:13     | Killed Josephine
 36534 | D:14     | Found a gate to the Vaults.
 36534 | D:14     | Noticed Rupert
 36534 | D:14     | Noticed Norris
 36658 | D:14     | Reached skill level 13 in Fire Magic
 36687 | D:14     | Killed Norris
 36850 | D:14     | Reached skill level 14 in Fire Magic
 36861 | D:14     | Received a gift from Sif Muna
 36863 | D:14     | Identified Sif Muna's Disquisition on Attacks (Sif Muna gifted it to you on level 14 of the Dungeon)
 37098 | D:14     | Reached skill level 15 in Fire Magic
 37749 | D:14     | Killed Rupert
 37749 | D:14     | Received a gift from Sif Muna
 37750 | D:14     | Identified Sif Muna's Advanced Steps in Sorcery (Sif Muna gifted it to you on level 14 of the Dungeon)
 37773 | D:14     | Learned a level 6 spell: Haste
 37776 | D:14     | Reached skill level 16 in Fire Magic
 38112 | D:14     | Reached skill level 8 in Charms
 38355 | D:15     | Entered Level 15 of the Dungeon
 38903 | D:15     | Reached XP level 17. HP: 99/99 MP: 32/39
 39071 | D:15     | Noticed Urug
 39076 | D:15     | Killed Urug
 39087 | D:15     | Found Biumun's Weapon Shoppe.
 39122 | D:15     | Reached skill level 9 in Charms
 39129 | D:15     | Found a staircase to the Depths.
 39867 | Swamp:1  | Entered Level 1 of the Swamp
 40409 | Swamp:1  | Reached skill level 17 in Spellcasting
 40409 | Swamp:1  | Reached skill level 10 in Charms
 41183 | Swamp:2  | Reached skill level 11 in Charms
 41193 | Swamp:1  | Received a gift from Sif Muna
 41509 | Swamp:2  | Reached skill level 9 in Dodging
 41882 | Swamp:2  | Reached skill level 9 in Fighting
 42354 | Swamp:2  | You fall through a shaft!
 43182 | Swamp:3  | Reached skill level 10 in Dodging
 44295 | Swamp:4  | Entered Level 4 of the Swamp
 44309 | Swamp:4  | Noticed a tentacled monstrosity
 44316 | Swamp:4  | Killed a tentacled monstrosity
 44766 | Swamp:4  | Reached skill level 10 in Fighting
 44773 | Swamp:4  | Reached skill level 11 in Dodging
 45244 | Snake:1  | Entered Level 1 of the Snake Pit
 46036 | Snake:1  | Reached skill level 11 in Fighting
 46789 | Snake:2  | Slain by a black mamba

Skill      XL: |  1  2  3  4  5  6  7  8  9 10 11 12 13 14 15 16 17 |
---------------+----------------------------------------------------+-----
Conjurations   | 5 6 7 9 10 12 14 16 17 | 17.2
Spellcasting   | 4 5 6 7 8 9 10 11 14 16 17 | 17.0
Charms         | 2 4 5 6 7 8 11 | 11.5
Invocations    | 1 4 8 9 |  9.0
Fire Magic     | 2 5 16 | 16.0
Earth Magic    | 2 5 10 | 10.4
Fighting       | 6 8 11 | 11.0
Dodging        | 5 7 8 11 | 11.0
Air Magic      | 2 3 |  3.8
Necromancy     | 5 |  5.0
Stealth        | |  2.4

Vault maps used:
D:1:      saegor_arrival_simple_a
D:2:      first_bread
D:3:      led_sif_book, hangedman_ru_absence
D:4:      serial_shops, nicolae_shop_stone, grunt_tough_drop
D:5:      zin_academy, kennysheep_mini_moat, lightli_sewer_entry_pipes,
          serial_bayou_pond_c
D:6:      nicolae_overflow_crystal_walls, uniq_eustachio, uniq_menkaure
D:7:      minitemple, minmay_temple_entry_oklob, serial_shops,
          nicolae_shop_stone, grunt_ogre_cave, fedhas_altar_2
D:8:      lemuel_crystal_altar, dpeg_lair_monsters, nemelex_dance_club_becter
D:9:      lemuel_doored_altar, hiddenorc2_lemuel
D:10:     minivault_19
D:11:     serial_shops, shop
D:13:     serial_shops, kennysheep_mini, uniq_frances, uniq_azrael,
          uniq_josephine, uniq_kirke
D:14:     david_vaults_3, grunt_decor_mini_mirrors
D:15:     grunt_enter_depths_hoard, minmay_misc_feat_tiny, serial_shops,
          nicolae_shop_behind_doors, uniq_urug
Lair:1:   infiniplex_staircase_pool_2
Lair:2:   cheibrodos_lair_caveside_slide, grunt_megastairs_4
Lair:3:   basic_altar
Lair:4:   uniq_snorg
Lair:5:   minmay_swamp_entry_swarm, guppyfry_snake_entry_island
Lair:6:   slime_dummy
Lair:7:   lab_entry_generic, minmay_stone_trees_small, beast_lair_carwin_2,
          lemuel_fruit_fields
Lair:8:   guppyfry_lair_end_dragon, hangedman_lair_in_review,
          lemuel_fruit_fields
Swamp:1:  nicolae_swamp_dense_foliage
Swamp:2:  evilmike_swamp_ruin_rubble_2, swamp_pool1, infiniplex_staircase_pool
Swamp:3:  serial_swamp_ruin, evilmike_swamp_ruin_house_1,
          evilmike_swamp_ruin_house_3, hangedman_swamp_ruin_wall, swamp_pool2
Swamp:4:  swamp_basic_johnstein
Snake:1:  grunt_megastairs_3, lemuel_fruit_tree
Snake:2:  serial_shops, nicolae_shop_trees, spider_trap,
          nrook_guardian_serpent_double
Orc:1:    serial_shops, nicolae_shop_crystal
Orc:2:    st_orc_congregation
Lab:      nicolae_lab_dead_adventurers, nicolae_lab_swirl, nicolae_lab_big_swirl
Sewer:    kennysheep_pipe_town

Vanquished Creatures
  Norris
  A tentacled monstrosity Rupert Kirke Frances
  A thorn hunter
  A greater naga
  An orc warlord Azrael
  An ettin Snorg
  2 fire dragons Josephine
  A minotaur
  16 hydras
  An ice dragon
  A naga warrior
  8 alligators
  2 ghost crabs
  2 centaur warriors
  A catoblepas
  2 tengu warriors
  5 anacondas
  22 death yaks
  4 orc high priests Urug
  A naga sharpshooter
  A shock serpent
  3 unseen horrors
  A naga ritualist
  5 hill giants
  5 swamp dragons
  A spriggan druid
  2 shambling mangroves
  A lindwurm
  2 mana vipers
  A harpy
  13 ugly things
  4 griffons
  A salamander
  4 orc knights
  4 hornets
  A deep elf mage
  5 manticores
  3 cyclopes
  27 elephants
  5 orc sorcerers
  17 black mambas
  3 gargoyles
  5 naga magi
  A torpor snail
  19 spiny frogs
  An efreet
  3 centaur skeletons
  6 rime drakes
  11 komodo dragons
  A tengu conjurer
  A redback zombie
  4 trolls
  6 polar bears
  2 two-headed ogres
  35 blink frogs
  3 giant leeches
  5 bog bodies
  5 slime creatures
  A centaur simulacrum
  A redback (shapeshifter)
  6 shadows
  2 vampires
  5 spriggans
  2 fire elementals
  55 yaks
  6 wyverns
  17 humans
  8 wraiths Eustachio
  16 hippogriffs
  9 basilisks
  3 hogs
  2 steam dragons
  A hungry ghost Menkaure
  23 vampire mosquitoes
  5 mottled dragons
  3 insubstantial wisps
  14 swamp worms
  8 nagas
  5 hell hounds
  25 water moccasins
  The ghost of p0werm0de the Magician, an amateur VSWn
  31 orc warriors
  14 swamp drakes
  16 porcupines
  2 phantoms
  4 sky beasts
  5 ice beasts
  An eye of draining
  A necrophage
  7 wasps
  A black bear
  12 ogres
  16 wolves
  5 centaurs
  21 crocodiles
  4 big kobolds
  21 giant frogs
  A wyvern skeleton
  7 scorpions
  5 killer bees
  An oklob sapling
  8 wights
  9 howler monkeys
  A wasp zombie
  The ghost of Duffy the Conjurer, a weakling DECj
  A centaur zombie
  6 crimson imps
  A giant frog zombie
  9 hounds
  3 jellies
  2 gnoll shamans
  20 orc priests
  2 giant frog skeletons
  17 iguanas
  32 orc wizards
  17 worker ants
  28 sheep
  A hound zombie
  A hound skeleton
  A worker ant zombie
  20 gnolls
  A howler monkey skeleton
  12 adders
  95 river rats
  2 shadow imps
  4 oozes
  2 worms
  4 dart slugs
  4 giant geckos
  100 orcs
  9 bats
  6 giant cockroaches
  7 hobgoblins
  10 jackals
  9 quokkas
  6 ball pythons
  3 giant newts
  7 goblins
  A jackal zombie
  37 kobolds
  A quokka skeleton
  12 rats
  2 butterflies
  26 fungi
  17 plants
1250 creatures vanquished.
